 Dungeon Sprint DCSS version 0.22.1-2-g9c5b331 (webtiles) character file.

97 diana the Slasher (level 4, -3/26 HPs)
             Began as a Vine Stalker Gladiator on Dec 19, 2018.
             Drowned by a water elemental (5 damage)
             ... in the Dungeon (Sprint III: "The Ten Rune Challenge").
             The game lasted 00:01:45 (291 turns).

diana the Slasher (Vine Stalker Gladiator)           Turns: 291, Time: 00:01:46

Health: -3/26      AC:  3    Str: 18    XL:     4   Next: 68%
Magic:  0/5        EV: 14    Int:  8    God:
Gold:   14         SH:  0    Dex: 18    Spells: 3/3 levels left

rFire    . . .     SeeInvis .   a - +0 long sword
rCold    . . .     Gourm    .   (no shield)
rNeg     . . .     Faith    .   b - +0 leather armour
rPois    .         Spirit   +   (no helmet)
rElec    +         Reflect  .   (no cloak)
rCorr    .         Harm     .   (no gloves)
MR       .....     NoTele   +   (no boots)
Stlth    +.........             (no amulet)
HPRegen  0.48/turn              l - +3 ring of dexterity
MPRegen  0.09/turn              (no ring)

@: engulfed (cannot breathe)
A: fangs 2, blink, mutation resistance 1, regeneration 1, electricity
resistance, magic shield, antimagic bite, no potion heal 3, rot immunity
a: Blink


You were in the Dungeon.
You were not hungry.

You visited 1 branch You collected 14 gold pieces.

Inventory:

Hand Weapons
 a - a +0 long sword (weapon)
Missiles
 d - 2 throwing nets (quivered)
 m - 13 sling bullets
Armour
 b - a +0 leather armour (worn)
 c - a +0 helmet
Jewellery
 l - a +3 ring of dexterity (left hand)
Scrolls
 k - a scroll of blinking
 o - a scroll of holy word {unknown}
 p - 2 scrolls of identify
 q - 3 scrolls of remove curse
 s - a scroll of torment {unknown}
 t - a scroll of immolation {unknown}
Potions
 e - a potion of curing
 g - a potion of heal wounds
 h - a potion of haste
 i - 2 potions of magic
 j - a potion of berserk rage
 r - a potion of flight {unknown}
 u - a potion of might {unknown}
Comestibles
 f - 3 rations


   Skills:
 + Level 4.3 Fighting
 * Level 6.3 Long Blades
 - Level 1.7 Throwing
 + Level 4.3 Dodging


You had 3 spell levels left.
You didn't know any spells.
Your spell library was empty.

Dungeon Overview and Level Annotations

Branches:
Dungeon (1/1)

Altars:


Innate Abilities, Weirdness & Mutations

You have extremely sharp teeth.
Your natural rate of healing is unusually fast.
When hurt, damage is shared between your health and your magic reserves.
Your bite disrupts and absorbs the magic of your enemies.
Potions cannot restore your health.
You are immune to rotting.
You can translocate small distances at will.
You are somewhat resistant to further mutation.
You are resistant to electric shocks. (rElec)


Message History

You bite the water elemental, but do no damage.
The water elemental hits you!
The water elemental engulfs you in water!
You completely miss the water elemental.
Your lungs strain for air!
The water elemental misses you.
You are too injured to fight recklessly!
You barely miss the water elemental.
You bite the water elemental, but do no damage.
Your lungs strain for air!
The water elemental hits you!
* * * LOW HITPOINT WARNING * * *
Okay, then.
Throwing (i - inventory)
d - 3 throwing nets (quivered)
Press: ? - help, Shift-Dir - straight line, f - water elemental
Aim: a water elemental You throw a throwing net.
The throwing net hits the water elemental.
The water elemental is caught in the net!
You die...

▓▓▓▓▓▓▓▓▓ ▓▓▓
.#..'...♣♣♣ ♣.#
.#.§#.....♣ ♣.#
'####....♣♣♣ ♣♣.#
.†..#....≈.♣♣♣..###+#+##
....#...≈≈♣..♣..#.......
....#..≈≈≈≈.♣♣♣.@.⌠.....
###'#..≈≈≈≈≈≈...#E..####
..†)#.≈≈≈≈≈≈....#.⌠.#
....#.≈≈≈≈≈.....#...#
....#.≈≈≈.......#+###
#####...........#
.††.............#
▓▓▓▓▓▓▓▓▓▓▓▓▓▓▓▓▓


You could see a water elemental (caught).

Vanquished Creatures
  A scorpion (D)
  Jessica (D)
  A human (D)
  An ooze (D)
  2 rats (D)
6 creatures vanquished.

Vanquished Creatures (others)
  2 draconian scorchers (D)
  6 hellions (D)
  A yaktaur (D)
  An electric eel (D)
  A plant (D)
11 creatures vanquished.

Grand Total: 17 creatures vanquished

Notes
Turn   | Place    | Note
-------+----------+-------------------------------------------
     0 | D        | diana the Vine Stalker Gladiator began the quest for the
                  | Orb.
     0 | D        | Reached XP level 1. HP: 11/11 MP: 2/2
     6 | D        | Reached skill level 3 in Long Blades
    74 | D        | Killed a yaktaur
    88 | D        | Killed a hellion
   106 | D        | Killed a hellion
   106 | D        | Killed a hellion
   108 | D        | Killed a hellion
   133 | D        | Noticed Jessica
   135 | D        | Killed a hellion
   138 | D        | Killed Jessica
   138 | D        | Reached skill level 4 in Long Blades
   138 | D        | Reached XP level 2. HP: 14/16 MP: 3/3
   138 | D        | Reached XP level 3. HP: 18/20 MP: 4/4
   152 | D        | Killed a hellion
   179 | D        | Noticed a scorpion
   185 | D        | Killed a white draconian scorcher
   194 | D        | Killed a scorpion
   194 | D        | Reached skill level 5 in Long Blades
   194 | D        | Gained mutation: Your natural rate of healing is unusually
                  | fast. [Vine Stalker growth]
   194 | D        | Reached XP level 4. HP: 21/25 MP: 5/5
   226 | D        | Gained mutation: You tend to lose your temper in combat.
                  | [potion of mutation]
   226 | D        | Gained mutation: You have sharp fingernails. [potion of
                  | mutation]
   227 | D        | Lost mutation: You tend to lose your temper in combat.
                  | [potion of mutation]
   227 | D        | Lost mutation: You have sharp fingernails. [potion of
                  | mutation]
   227 | D        | Gained mutation: You can translocate small distances at
                  | will. [potion of mutation]
   227 | D        | Gained mutation: Your flesh is heat resistant. (rF+)
                  | [potion of mutation]
   228 | D        | Lost mutation: You can translocate small distances at will.
                  | [potion of mutation]
   228 | D        | Lost mutation: Your flesh is heat resistant. (rF+) [potion
                  | of mutation]
   228 | D        | Gained mutation: You can translocate small distances at
                  | will. [potion of mutation]
   228 | D        | Gained mutation: You have a pair of small horns on your
                  | head. [potion of mutation]
   228 | D        | Gained mutation: You have a somewhat thin skeletal
                  | structure. (Dex +2, Stealth) [potion of mutation]
   228 | D        | Gained mutation: Your mind is acute. (Int +2) [potion of
                  | mutation]
   229 | D        | Lost mutation: You have a somewhat thin skeletal structure.
                  | (Dex +2, Stealth) [potion of mutation]
   229 | D        | Lost mutation: Your mind is acute. (Int +2) [potion of
                  | mutation]
   229 | D        | Gained mutation: You are surrounded by a mild repulsion
                  | field. (EV +2) [potion of mutation]
   229 | D        | Gained mutation: You are clumsy. (Dex -2) [potion of
                  | mutation]
   229 | D        | Gained mutation: You are resistant to electric shocks.
                  | (rElec) [potion of mutation]
   230 | D        | Lost mutation: You are clumsy. (Dex -2) [potion of
                  | mutation]
   230 | D        | Lost mutation: You have a pair of small horns on your head.
                  | [potion of mutation]
   230 | D        | Lost mutation: You are surrounded by a mild repulsion
                  | field. (EV +2) [potion of mutation]
   230 | D        | Gained mutation: You are somewhat resistant to further
                  | mutation. [potion of mutation]
   260 | D        | Reached skill level 6 in Long Blades
   286 | D        | Noticed a water elemental
   288 | D        | Killed a white draconian scorcher
   291 | D        | Drowned by a water elemental

Skill      XL: |  1  2  3  4 |
---------------+-------------+-----
Fighting       | 3 4 |  4.3
Long Blades    | 4 5 6 |  6.3
Dodging        | 3 4 |  4.3
Throwing       | |  1.7

Action                   |  1- 3 |  4- 6 || total
-------------------------+-------+-------++-------
Melee: Long sword        |    13 |    10 ||    23
       Bite              |     6 |     4 ||    10
Throw: Throwing net      |       |     1 ||     1
 Abil: Blink             |       |     1 ||     1
  Use: Potion            |       |     5 ||     5
Armor: Leather armour    |     1 |       ||     1
Dodge: Dodged            |    11 |     5 ||    16
       Rpst.: Long sword |     4 |     1 ||     5
